| TOP OF THE 1ST |
|
Coastal Carolina University Chanticleers batting - Pitching for Mississippi State University Bulldogs : RHP Juan Oliveros
|
|
Pitching: RHP Juan Oliveros
|
|
|
Batting: RHB Robby Herrera
|
0-0: Swinging Strike 0-1: Foul Ball, location: 2F 0-2: Ball 1-2: SINGLE (Flyball, 3D, EV 85.6 MPH)
|
|
Batting: RHB Steve Hutchins
|
0-0: Fielders Choice at 2nd, 6-4 (Groundball, 6S, EV 85.6 MPH)
|
|
Batting: RHB Justin Dunham
|
0-0: Called Strike 0-1: Ball 1-1: Foul Ball, location: 2F 1-2: Foul Ball, location: 2F 1-2: Strikes out swinging
|
|
Batting: RHB Dave de Wolff
|
0-0: Called Strike 0-1: Ball 1-1: Fly out, F9 (Flyball, 9D, EV 96.9 MPH)
|
| Top of the 1st over - 0 runs, 1 hit, 0 errors, 1 left on base; Coastal Carolina University 0 - Mississippi State University 0 |
| BOTTOM OF THE 1ST |
|
Mississippi State University Bulldogs batting - Pitching for Coastal Carolina University Chanticleers : LHP Jason St. Clair
|
|
Pitching: LHP Jason St. Clair
|
|
|
Batting: RHB George Wagner
|
0-0: Foul Ball, location: 2F 0-1: Foul Ball, location: 2F 0-2: Ground out 6-3 (Groundball, 6, EV 88.8 MPH)
|
|
Batting: SHB Corey Penson
|
0-0: Ball 1-0: Called Strike 1-1: Ball 2-1: Fly out, F8 (Flyball, 8RM, EV 94.4 MPH)
|
|
Batting: RHB Bryan Payne
|
0-0: Foul Ball, location: 2F 0-1: Foul Ball, location: 2F 0-2: Foul Ball, location: 2F 0-2: Ball 1-2: Ball 2-2: Foul Ball, location: 2F 2-2: Ball 3-2: Ground out 5-3 (Groundball, 5, EV 85.6 MPH)
|
| Bottom of the 1st over - 0 runs, 0 hits, 0 errors, 0 left on base; Coastal Carolina University 0 - Mississippi State University 0 |
| TOP OF THE 2ND |
|
Coastal Carolina University Chanticleers batting - Pitching for Mississippi State University Bulldogs : RHP Juan Oliveros
|
|
Batting: RHB Ed Santibanez
|
0-0: Called Strike 0-1: Ground out 5-3 (Groundball, 25, EV 88.1 MPH)
|
|
Batting: RHB Tony Cabrera
|
0-0: Foul Ball, location: 2F 0-1: Ball 1-1: Ball 2-1: Foul Ball, location: 2F 2-2: Ball 3-2: Fly out, F8 (Line Drive, 8RD, EV 106.3 MPH)
|
|
Batting: SHB Gustavo Froio
|
0-0: Ball 1-0: Foul Ball, location: 2F 1-1: Ground out 6-3 (Groundball, 6, EV 79.4 MPH)
|
| Top of the 2nd over - 0 runs, 0 hits, 0 errors, 0 left on base; Coastal Carolina University 0 - Mississippi State University 0 |
| BOTTOM OF THE 2ND |
|
Mississippi State University Bulldogs batting - Pitching for Coastal Carolina University Chanticleers : LHP Jason St. Clair
|
|
Batting: RHB Xiao-shuang Au
|
0-0: Ball 1-0: Swinging Strike 1-1: Ground out 6-3 (Groundball, 6M, EV 85.6 MPH)
|
|
Batting: RHB Mike Bearden
|
0-0: Ball 1-0: Foul Ball, location: 2F 1-1: Ball 2-1: Fly out, F8 (Flyball, 8RXD, EV 103.8 MPH)
|
|
Batting: LHB Dave Carlisle
|
0-0: Ball 1-0: Ball 2-0: Foul Ball, location: 2F 2-1: Foul Ball, location: 2F 2-2: Ball 3-2: Ground out U3 (Groundball, 34, EV 86.3 MPH)
|
| Bottom of the 2nd over - 0 runs, 0 hits, 0 errors, 0 left on base; Coastal Carolina University 0 - Mississippi State University 0 |
| TOP OF THE 3RD |
|
Coastal Carolina University Chanticleers batting - Pitching for Mississippi State University Bulldogs : RHP Juan Oliveros
|
|
Batting: RHB Francisco Cabrera
|
0-0: Ball 1-0: Called Strike 1-1: Swinging Strike 1-2: Foul Ball, location: 2F 1-2: Ball 2-2: SINGLE (Flyball, 3D, EV 90.0 MPH)
|
|
Batting: RHB Masakuni Takeuchi
|
0-0: 2-RUN HOME RUN (Flyball, 89XD, EV 106.3 MPH), Distance : 418 ft
|
|
Batting: RHB Robby Herrera
|
0-0: Ground out 6-3 (Groundball, 6, EV 83.1 MPH)
|
|
Batting: RHB Steve Hutchins
|
0-0: Called Strike 0-1: Ball 1-1: Foul Ball, location: 2F 1-2: Ball 2-2: SINGLE (Groundball, 34D, EV 103.1 MPH)
|
|
Batting: RHB Justin Dunham
|
0-0: Ball 1-0: Ball 2-0: Ball 3-0: Called Strike 3-1: Fly out, F7 (Flyball, 78S, EV 78.1 MPH)
|
|
Batting: RHB Dave de Wolff
|
0-0: Called Strike 0-1: Ball 1-1: Foul Ball, location: 2F 1-2: Foul Ball, location: 2F 1-2: SINGLE (Groundball, 34D, EV 104.4 MPH) Steve Hutchins to second Runner from 2nd tries for 3rd, OUT! 9-5
|
| Top of the 3rd over - 2 runs, 4 hits, 0 errors, 1 left on base; Coastal Carolina University 2 - Mississippi State University 0 |
| BOTTOM OF THE 3RD |
|
Mississippi State University Bulldogs batting - Pitching for Coastal Carolina University Chanticleers : LHP Jason St. Clair
|
|
Batting: RHB Justin Young
|
0-0: Called Strike 0-1: Ball 1-1: Ball 2-1: Called Strike 2-2: Strikes out swinging
|
|
Batting: LHB Afanasy Zasekin
|
0-0: Hit by Pitch
|
|
Batting: RHB Francisco de la Torre
|
0-0: Grounds into double play, 4-6-3 (Groundball, 34, EV 87.5 MPH)
|
| Bottom of the 3rd over - 0 runs, 0 hits, 0 errors, 0 left on base; Coastal Carolina University 2 - Mississippi State University 0 |
| TOP OF THE 4TH |
|
Coastal Carolina University Chanticleers batting - Pitching for Mississippi State University Bulldogs : RHP Juan Oliveros
|
|
Batting: RHB Ed Santibanez
|
0-0: SINGLE (Groundball, P, EV 85.6 MPH) (infield hit)
|
|
Batting: RHB Tony Cabrera
|
0-0: Called Strike 0-1: Ball 1-1: Swinging Strike 1-2: Fielders Choice at 2nd, 5-4 (Groundball, 56, EV 81.3 MPH)
|
|
Batting: SHB Gustavo Froio
|
0-0: Foul Ball, location: 2F 0-1: Ball 1-1: Ball Wild Pitch! Tony Cabrera to second 2-1: Foul Ball, location: 2F 2-2: SINGLE (Flyball, 34D, EV 93.8 MPH) Tony Cabrera to third
|
|
Batting: RHB Francisco Cabrera
|
0-0: Swinging Strike 0-1: Foul Ball, location: 2F 0-2: Ball 1-2: Ball 2-2: Fly out, F7 (Flyball, 78S, EV 85.6 MPH) Runner from 3rd tags up, SCORES, throw by LF
|
|
Batting: RHB Masakuni Takeuchi
|
0-0: Ball 1-0: Called Strike 1-1: Ball 2-1: Ground out U3 (Groundball, 34S, EV 93.1 MPH)
|
| Top of the 4th over - 1 run, 2 hits, 0 errors, 1 left on base; Coastal Carolina University 3 - Mississippi State University 0 |
| BOTTOM OF THE 4TH |
|
Mississippi State University Bulldogs batting - Pitching for Coastal Carolina University Chanticleers : LHP Jason St. Clair
|
|
Batting: RHB George Wagner
|
0-0: Ball 1-0: Ball 2-0: Ball 3-0: Called Strike 3-1: Foul Ball, location: 2F 3-2: SINGLE (Groundball, 34D, EV 98.1 MPH)
|
|
Batting: SHB Corey Penson
|
0-0: Ball 1-0: Grounds into double play, 6-4-3 (Groundball, 6, EV 86.9 MPH)
|
|
Batting: RHB Bryan Payne
|
0-0: Ball 1-0: Ball 2-0: Ball 3-0: Base on Balls
|
|
Batting: RHB Xiao-shuang Au
|
0-0: Foul Ball, location: 2F 0-1: Fly out, F8 (Line Drive, 8LD, EV 101.9 MPH)
|
| Bottom of the 4th over - 0 runs, 1 hit, 0 errors, 1 left on base; Coastal Carolina University 3 - Mississippi State University 0 |
| TOP OF THE 5TH |
|
Coastal Carolina University Chanticleers batting - Pitching for Mississippi State University Bulldogs : RHP Juan Oliveros
|
|
Batting: RHB Robby Herrera
|
0-0: Called Strike 0-1: Ball 1-1: Swinging Strike 1-2: Ground out 6-3 (Groundball, 6, EV 93.1 MPH)
|
|
Batting: RHB Steve Hutchins
|
0-0: Ball 1-0: Ground out U3 (Groundball, 34, EV 89.4 MPH)
|
|
Batting: RHB Justin Dunham
|
0-0: Called Strike 0-1: Ball 1-1: Foul Ball, location: 2F 1-2: Ball 2-2: Ball 3-2: SOLO HOME RUN (Line Drive, 7D, EV 100.0 MPH), Distance : 389 ft
|
|
Batting: RHB Dave de Wolff
|
0-0: Ball 1-0: Ball 2-0: Ball 3-0: Base on Balls
|
|
Batting: RHB Ed Santibanez
|
0-0: Ball 1-0: Ball 2-0: Ball 3-0: Called Strike 3-1: Swinging Strike 3-2: Foul Ball, location: 2F 3-2: Base on Balls Dave de Wolff to second
|
|
Batting: RHB Tony Cabrera
|
0-0: Ball 1-0: Ball 2-0: Fielders Choice at 2nd, 5-4 (Groundball, 56, EV 90.0 MPH)
|
| Top of the 5th over - 1 run, 1 hit, 0 errors, 2 left on base; Coastal Carolina University 4 - Mississippi State University 0 |
| BOTTOM OF THE 5TH |
|
Mississippi State University Bulldogs batting - Pitching for Coastal Carolina University Chanticleers : LHP Jason St. Clair
|
|
Batting: RHB Mike Bearden
|
0-0: Ball 1-0: Fly out, F3 (Popup, 3S, EV 67.5 MPH)
|
|
Batting: LHB Dave Carlisle
|
0-0: Ball 1-0: Ball 2-0: Foul Ball, location: 2F 2-1: Fly out, F8 (Line Drive, 8RD, EV 105.6 MPH)
|
|
Batting: RHB Justin Young
|
0-0: SINGLE (Flyball, 3D, EV 94.4 MPH)
|
|
Batting: LHB Afanasy Zasekin
|
0-0: Swinging Strike 0-1: Ball 1-1: Foul Ball, location: 2F 1-2: Foul Ball, location: 2F 1-2: Ball 2-2: Ball 3-2: Strikes out looking
|
| Bottom of the 5th over - 0 runs, 1 hit, 0 errors, 1 left on base; Coastal Carolina University 4 - Mississippi State University 0 |
| TOP OF THE 6TH |
|
Coastal Carolina University Chanticleers batting - Pitching for Mississippi State University Bulldogs : RHP Juan Oliveros
|
|
Pitching: LHP Roberto Vargas
|
|
|
Batting: SHB Gustavo Froio
|
0-0: Ball 1-0: Ground out 6-3 (Groundball, 6, EV 91.3 MPH)
|
|
Batting: RHB Francisco Cabrera
|
0-0: DOUBLE (Groundball, 5L, EV 104.4 MPH)
|
|
Batting: RHB Masakuni Takeuchi
|
0-0: Ball 1-0: Foul Ball, location: 2F 1-1: Fly out, F4 (Popup, 4MS, EV 79.4 MPH)
|
|
Batting: RHB Robby Herrera
|
0-0: Ball 1-0: Foul Ball, location: 2F 1-1: Foul Ball, location: 2F 1-2: Ball 2-2: Ball 3-2: Base on Balls
|
|
Batting: RHB Steve Hutchins
|
0-0: Ground out 3-1 (Groundball, 34S, EV 81.9 MPH)
|
| Top of the 6th over - 0 runs, 1 hit, 0 errors, 2 left on base; Coastal Carolina University 4 - Mississippi State University 0 |
| BOTTOM OF THE 6TH |
|
Mississippi State University Bulldogs batting - Pitching for Coastal Carolina University Chanticleers : LHP Jason St. Clair
|
|
Batting: RHB Francisco de la Torre
|
0-0: Foul Ball, location: 2F 0-1: Ball 1-1: Called Strike 1-2: SINGLE (Line Drive, 34, EV 95.0 MPH)
|
|
Batting: RHB George Wagner
|
0-0: Called Strike 0-1: Called Strike 0-2: Foul Ball, location: 2F 0-2: Ball 1-2: Foul Ball, location: 2F 1-2: Reaches on Catchers interference Francisco de la Torre to second
|
|
Batting: SHB Corey Penson
|
0-0: Ball 1-0: Foul Ball, location: 2F 1-1: Foul Ball, location: 2F 1-2: Foul Ball, location: 2F 1-2: Strikes out swinging
|
|
Pitching: LHP Ivan Osornio
|
|
|
Batting: RHB Bryan Payne
|
0-0: Called Strike 0-1: Foul Ball, location: 2F 0-2: Ball 1-2: Ball 2-2: Ball 3-2: SINGLE (Flyball, 8RS, EV 91.9 MPH) Francisco de la Torre to third George Wagner to second Runner from 3rd tries for Home, throw by CF and OUT! 8-2
|
|
Batting: RHB Xiao-shuang Au
|
0-0: Ball 1-0: Fielders Choice at 2nd, 5-4 (Groundball, 56, EV 86.3 MPH)
|
| Bottom of the 6th over - 0 runs, 2 hits, 1 error, 2 left on base; Coastal Carolina University 4 - Mississippi State University 0 |
| TOP OF THE 7TH |
|
Coastal Carolina University Chanticleers batting - Pitching for Mississippi State University Bulldogs : LHP Roberto Vargas
|
|
Pitching: RHP Andrew Giles
|
|
|
Batting: RHB Justin Dunham
|
0-0: Ball 1-0: Called Strike 1-1: SINGLE (Line Drive, 56D, EV 98.8 MPH)
|
|
Batting: RHB Dave de Wolff
|
0-0: Ball 1-0: Called Strike 1-1: Ball 2-1: Called Strike 2-2: Ball 3-2: Base on Balls Justin Dunham to second
|
|
Batting: RHB Ed Santibanez
|
0-0: Ball 1-0: Foul Ball, location: 2F 1-1: SINGLE (Groundball, 6MD, EV 101.9 MPH) Justin Dunham to third Dave de Wolff to second
|
|
Batting: RHB Tony Cabrera
|
0-0: Swinging Strike 0-1: Ball 1-1: Called Strike 1-2: Ball 2-2: Strikes out looking
|
|
Batting: SHB Gustavo Froio
|
0-0: Ball 1-0: Called Strike 1-1: SINGLE (Groundball, 34D, EV 97.5 MPH) Justin Dunham scores Dave de Wolff to third Ed Santibanez to second Runner from 3rd tries for Home, SAFE, throw by RF to home
|
|
Batting: RHB Francisco Cabrera
|
0-0: Called Strike 0-1: Grounds into double play, 4-6-3 (Groundball, 4, EV 85.0 MPH)
|
| Top of the 7th over - 2 runs, 3 hits, 0 errors, 1 left on base; Coastal Carolina University 6 - Mississippi State University 0 |
| BOTTOM OF THE 7TH |
|
Mississippi State University Bulldogs batting - Pitching for Coastal Carolina University Chanticleers : LHP Ivan Osornio
|
|
Batting: RHB Mike Bearden
|
0-0: Ball 1-0: Called Strike 1-1: Ball 2-1: Ground out 6-3 (Groundball, 6S, EV 77.5 MPH)
|
|
Batting: LHB Dave Carlisle
|
0-0: Foul Ball, location: 2F 0-1: Called Strike 0-2: Ball 1-2: Ball 2-2: Ball 3-2: Ground out U3 (Groundball, 3S, EV 76.9 MPH)
|
|
Batting: RHB Justin Young
|
0-0: Ground out 4-3 (Groundball, 4M, EV 86.9 MPH)
|
| Bottom of the 7th over - 0 runs, 0 hits, 0 errors, 0 left on base; Coastal Carolina University 6 - Mississippi State University 0 |
| TOP OF THE 8TH |
|
Coastal Carolina University Chanticleers batting - Pitching for Mississippi State University Bulldogs : RHP Andrew Giles
|
|
Batting: RHB Tony Gastelum
|
0-0: Swinging Strike 0-1: Foul Ball, location: 2F 0-2: Ball 1-2: Reached on error, E4 (Groundball, 34, EV 92.5 MPH)
|
|
Batting: RHB Robby Herrera
|
0-0: Called Strike 0-1: Called Strike 0-2: Strikes out swinging
|
|
Batting: RHB Steve Hutchins
|
0-0: Ball 1-0: Ball 2-0: Called Strike 2-1: Ball 3-1: Base on Balls
|
|
Batting: RHB Justin Dunham
|
0-0: Fielders Choice at 2nd, 6-4 (Groundball, 6, EV 90.6 MPH) Tony Gastelum to third
|
|
Batting: RHB Dave de Wolff
|
0-0: Swinging Strike 0-1: Ball 1-1: Swinging Strike 1-2: Strikes out swinging
|
| Top of the 8th over - 0 runs, 0 hits, 1 error, 2 left on base; Coastal Carolina University 6 - Mississippi State University 0 |
| BOTTOM OF THE 8TH |
|
Mississippi State University Bulldogs batting - Pitching for Coastal Carolina University Chanticleers : LHP Ivan Osornio
|
|
Pinch Hitting: RHB Alain Marquet
|
0-0: Called Strike 0-1: Foul Ball, location: 2F 0-2: Fly out, F7 (Flyball, 7LM, EV 91.9 MPH)
|
|
Batting: RHB Francisco de la Torre
|
0-0: Ball 1-0: SOLO HOME RUN (Flyball, 7LD, EV 91.9 MPH), Distance : 337 ft
|
|
Batting: RHB George Wagner
|
0-0: Ball 1-0: Called Strike 1-1: Ball 2-1: Ground out 4-3 (Groundball, 4, EV 90.6 MPH)
|
|
Batting: SHB Corey Penson
|
0-0: Ball 1-0: Ball 2-0: Called Strike 2-1: Ball 3-1: Ground out 6-3 (Groundball, 6, EV 80.6 MPH)
|
| Bottom of the 8th over - 1 run, 1 hit, 0 errors, 0 left on base; Coastal Carolina University 6 - Mississippi State University 1 |
| TOP OF THE 9TH |
|
Coastal Carolina University Chanticleers batting - Pitching for Mississippi State University Bulldogs : RHP Andrew Giles
|
|
Pitching: RHP Johnny Hallamore
|
|
|
Now in LF: Rich Matthews
|
|
|
Batting: RHB Ed Santibanez
|
0-0: SOLO HOME RUN (Flyball, 89XD, EV 102.5 MPH), Distance : 411 ft
|
|
Batting: RHB Tony Cabrera
|
0-0: Called Strike 0-1: Ground out 6-3 (Groundball, 6S, EV 84.4 MPH)
|
|
Batting: SHB Gustavo Froio
|
0-0: Called Strike 0-1: Foul Ball, location: 2F 0-2: Ball 1-2: Strikes out swinging
|
|
Batting: RHB Francisco Cabrera
|
0-0: Called Strike 0-1: Foul Ball, location: 2F 0-2: Ball 1-2: Foul Ball, location: 2F 1-2: Ball 2-2: Ball 3-2: DOUBLE (Line Drive, 9LM, EV 106.9 MPH)
|
|
Batting: RHB Tony Gastelum
|
0-0: Ball 1-0: Ball 2-0: Swinging Strike 2-1: Swinging Strike 2-2: Foul Ball, location: 2F 2-2: Ball 3-2: Foul Ball, location: 2F 3-2: Strikes out swinging
|
| Top of the 9th over - 1 run, 2 hits, 0 errors, 1 left on base; Coastal Carolina University 7 - Mississippi State University 1 |
| BOTTOM OF THE 9TH |
|
Mississippi State University Bulldogs batting - Pitching for Coastal Carolina University Chanticleers : LHP Ivan Osornio
|
|
Batting: RHB Bryan Payne
|
0-0: Ball 1-0: Foul Ball, location: 2F 1-1: Foul Ball, location: 2F 1-2: Foul Ball, location: 2F 1-2: Foul Ball, location: 2F 1-2: Fly out, F4 (Popup, 34, EV 68.8 MPH)
|
|
Pitching: LHP Jon Lizarraga
|
|
|
Pinch Hitting: RHB Aaron Barraza
|
0-0: Ground out 4-3 (Groundball, 4MD, EV 88.1 MPH)
|
|
Batting: RHB Mike Bearden
|
0-0: SINGLE (Line Drive, 56D, EV 95.0 MPH)
|
|
Batting: LHB Dave Carlisle
|
0-0: Ball 1-0: Ball 2-0: Ball 3-0: Base on Balls Mike Bearden to second
|
|
Batting: RHB Justin Young
|
0-0: Fly out, F8 (Flyball, 8LM, EV 81.3 MPH)
|
| Bottom of the 9th over - 0 runs, 1 hit, 0 errors, 2 left on base; Coastal Carolina University 7 - Mississippi State University 1 |
|